Cogmind - Beta 15 *** ADVENTURER MODE // 2025.08.05 @ 22:36:51 Player: Teku Result: Destroyed by G-50 Soldier with Heavy Laser Performance ------------- Evolutions (4) 2000 Regions Visited (9) 1800 Robots Destroyed (58) 290 Value Destroyed (2228) 2228 Prototype IDs (15) 300 Alien Tech Used (0) 0 Bonus (300) 300 TOTAL SCORE: 6918 Bonus ------- Met Data Miner 300 Cogmind --------- Core Integrity 0/850 Matter 295/300 Energy 94/100 System Corruption 0% Temperature Cool (13) Movement Flying (37) Location -5/Proximity Caves Parts ------- > --- POWER (1) -------- (None) > --- PROPULSION (4) --- Improved VTOL Module Field Propulsion Drive > --- UTILITY (7) ------ 0b10 Decoder Chip [Generic] Hacking Suite Hacking Suite > --- WEAPON (3) ------- (None) > --- INVENTORY (5) ---- Improved Deuterium Engine System Shield Shock Rifle Peak State ------------ > --- POWER ------------ Improved Deuterium Engine > --- PROPULSION ------- Improved Treads Advanced Treads Advanced Treads Advanced Treads > --- UTILITY ---------- Huge Storage Unit Targeting Computer Core Shielding Hardened Medium Armor Plating Hardened Medium Armor Plating Hacking Suite Hacking Suite > --- WEAPON ----------- Improved Medium Laser Heavy Particle Cannon Flak Cannon > --- INVENTORY -------- Improved Deuterium Engine Improved Deuterium Engine Fission Core Improved VTOL Module Cooled VTOL Module Improved Heat Sink Advanced Weight Redist. System 0b10 Decoder Chip [Generic] ECM Suite Improved Utility Shielding Hardened Light Armor Plating System Shield Shock Rifle Shock Rifle Advanced Beam Cannon Advanced Beam Cannon Heavy Particle Cannon Cooled Particle Cannon Phase Cannon Heavy Plasma Cannon Assault Cannon Grenade Launcher Heavy Missile Launcher [Rating: 47] Favorites ----------- Power Improved Deuterium Engine Engine Improved Deuterium Engine Power Core Light Nuclear Core Propulsion Advanced Treads Treads Advanced Treads Leg Aluminum Leg Wheel Wheel Flight Unit Improved VTOL Module Utility Hacking Suite Device ECM Suite Storage Huge Storage Unit Processor Targeting Computer Hackware Hacking Suite Protection Hardened Medium Armor Plating Weapon Heavy Particle Cannon Energy Gun Particle Gun Energy Cannon Heavy Particle Cannon Ballistic Gun Light Assault Rifle Ballistic Cannon Flak Cannon Launcher Grenade Launcher Build | -11 -10 -9 -8 -7 -6 -6 -6 -6 -5 ------- Run | Yrd Mat Mat Mat Fac Fac Low Low Dat Pro Slots Evolved 8 | . . 2 2 2 2 . . . . Power . | . . . . . . . . . . Propulsion 2 | . . . 1 . 1 . . . . Utility 5 | . . 2 1 2 . . . . . Weapon 1 | . . . . . 1 . . . . Parts Attached 58 | 5 9 9 11 6 2 11 4 . 1 Power 10 | 1 2 1 2 1 . 2 1 . . Engine 8 | 1 1 1 2 1 . 2 . . . Core 2 | . 1 . . . . . 1 . . Reactor . | . . . . . . . . . . Propulsion 14 | 2 2 2 4 . 1 2 . . 1 Treads 4 | . . . 3 . 1 . . . . Leg 5 | . 2 2 1 . . . . . . Wheel 2 | 2 . . . . . . . . . Hover . | . . . . . . . . . . Flight 3 | . . . . . . 2 . . 1 Utility 17 | . 3 3 2 3 . 4 2 . . Device 4 | . 1 1 . . . 2 . . . Storage 3 | . 1 1 . 1 . . . . . Processor 2 | . 1 . . . . . 1 . . Hackware 2 | . . . . 2 . . . . . Protection 6 | . . 1 2 . . 2 1 . . Artifact . | . . . . . . . . . . Weapon 17 | 2 2 3 3 2 1 3 1 . . Energy Gun 6 | 1 . 1 2 . 1 . 1 . . Energy Cannon 3 | . . . . 1 . 2 . . . Ballistic Gun 4 | 1 2 1 . . . . . . . Ballistic Cannon 2 | . . . 1 1 . . . . . Launcher 2 | . . 1 . . . 1 . . . Special Weapon . | . . . . . . . . . . Impact Weapon . | . . . . . . . . . . Slashing Weapon . | . . . . . . . . . . Piercing Weapon . | . . . . . . . . . . Special Melee Weapon . | . . . . . . . . . . Unidentified Prototypes 3 | . . . . . 1 2 . . . Parts Lost 22 | . 2 5 . . . 11 3 . 1 Power 4 | . 1 2 . . . . 1 . . Propulsion 8 | . 1 2 . . . 4 1 . . Utility 4 | . . . . . . 3 . . 1 Weapon 6 | . . 1 . . . 4 1 . . Highest Loss Streak 5 | . 2 3 . . . 5 2 . 1 To Critical Strikes . | . . . . . . . . . . Average Backups 17 | 2 10 13 14 17 23 21 3 3 3 Power 2 | . 1 1 . 2 3 2 1 1 1 Propulsion 1 | 1 1 2 2 2 2 1 . . . Utility 5 | . 3 4 7 5 6 6 1 1 1 Weapon 7 | . 3 5 4 7 11 10 . 1 1 Tool/Special . | . . . . . . . . . . Unused Backups 21 | . 2 1 5 2 1 9 . . 1 Power 1 | . . . . . 1 . . . . Propulsion 3 | . 1 . 1 1 . . . . . Utility 6 | . . 1 2 . . 2 . . 1 Weapon 11 | . 1 . 2 1 . 7 . . . Tool/Special . | . . . . . . . . . . Average Slot Usage (%) 84 | . 94 98 98 99 99 75 47 33 36 Engine 5 | . 1 2 9 7 6 6 . . . Core 2 | . 12 7 . . . . 4 . . Treads 8 | . . . 13 23 26 6 . . . Leg 5 | . 24 21 13 . . . . . . Flight 2 | . . . . . . 3 10 6 9 Device 6 | . 6 10 9 7 6 4 6 6 6 Storage 7 | . 11 13 9 7 6 5 . . . Processor 5 | . 5 11 9 7 6 4 5 6 6 Hackware 9 | . . . . 14 13 13 13 13 13 Protection 10 | . . 8 17 15 13 11 . . . Energy Gun 3 | . 10 2 11 3 5 . . . . Energy Cannon 6 | . . . . 3 6 11 4 . . Ballistic Gun 3 | . 17 19 2 . . . . . . Ballistic Cannon 2 | . . . 4 7 6 1 . . . Peak Build Rating 47 | 5 10 14 27 39 44 47 35 17 23 Average Rating 31 | 2 9 12 20 36 43 40 28 17 20 On Entrance 19 | . 5 10 10 27 39 44 26 17 17 Naked Turns . | . . . . . . . . . . Heaviest Build 124 | 7 30 49 44 113 116 124 20 2 2 Greatest Support 89 | 20 20 20 66 66 89 89 10 5 12 Greatest Overweight (x) 11 | . 1 8 1 1 1 11 3 . . Average Overweight (x) 1 | . . 1 . . 1 4 . . . Largest Inventory Capacity 25 | 5 15 15 15 25 25 25 5 5 5 Average Capacity 20 | 5 13 15 15 23 25 24 5 5 5 Most Carried 25 | 5 15 15 15 23 24 25 5 3 4 Average Carried 17 | 3 10 13 14 17 23 21 3 3 3 Final Capacity 25 | 5 15 15 15 25 25 5 5 5 5 Final Carried 24 | 5 15 11 15 23 24 5 3 3 3 Class Distribution -------------------- 51% | Hacker-Mutant 22% | Mutant 20% | Hacker-Tank 4% | Scavenger-Mutant Dominant Class ---------------- Mutant | -10/Materials Mutant | -9/Materials Scavenger-Mutant | -8/Materials Hacker-Mutant | -7/Factory Hacker-Tank | -6/Factory Hacker-Mutant | -6/Lower Caves Hacker-Mutant | -6/Lower Caves Hacker-Mutant | -6/Data Miner Hacker-Mutant | -5/Proximity Caves Resources | -11 -10 -9 -8 -7 -6 -6 -6 -6 -5 ----------- Run | Yrd Mat Mat Mat Fac Fac Low Low Dat Pro Matter Collected 1455 | 246 210 179 184 161 20 405 40 . 10 Remotely . | . . . . . . . . . . Salvage Created 2329 | 49 545 375 459 247 . 642 12 . . Parts 106 | 4 35 17 22 11 . 17 . . . Haulers Intercepted . | . . . . . . . . . . Recyclers Shooed . | . . . . . . . . . . Parts Field Recycled . | . . . . . . . . . . Retrieved Matter . | . . . . . . . . . . Parts Self-Destructed 15 | . . . . . . 14 . . 1 Prevented . | . . . . . . . . . . Kills | -11 -10 -9 -8 -7 -6 -6 -6 -6 -5 ------- Run | Yrd Mat Mat Mat Fac Fac Low Low Dat Pro Combat Hostiles Destroyed 50 | 1 13 8 8 4 . 16 . . . Guns 28 | 1 13 8 5 1 . . . . . Cannons 13 | . . . 3 3 . 7 . . . AOE 8 | . . . . . . 8 . . . Classes Destroyed 11 | 1 3 1 2 1 . 2 1 . . Builder 1 | . . . 1 . . . . . . Recycler 2 | . 1 . . 1 . . . . . Watcher 5 | . 2 . 2 1 . . . . . Swarmer 6 | . 3 . . . . 3 . . . Grunt 30 | 1 10 6 5 . . 8 . . . Brawler 2 | . . . . . . 2 . . . Duelist 1 | . . . . . . 1 . . . Sentry 7 | . . 2 2 1 . 2 . . . Hunter 2 | . . . 1 1 . . . . . Programmer 2 | . . . . 2 . . . . . Decomposer 1 | . . . . . . . 1 . . Best Kill Streak 9 | 1 3 3 3 2 . 9 . . . Combat Bots Only 9 | 1 3 3 3 1 . 9 . . . Max Kills in Single Turn 3 | 1 2 2 2 1 . 3 1 . . Gunslinging 1 | . 1 1 . . . . . . . Exploded 3 | . . . . . . 3 . . . Melee . | . . . . . . . . . . Uniques/NPCs Destroyed . | . . . . . . . . . . Combat | -11 -10 -9 -8 -7 -6 -6 -6 -6 -5 -------- Run | Yrd Mat Mat Mat Fac Fac Low Low Dat Pro Hostile Shots Fired 504 | 2 83 59 35 45 . 221 47 . 12 Missed 149 | 1 26 16 5 16 . 61 19 . 5 Hits 355 | 1 57 43 30 29 . 160 28 . 7 Melee 10 | . . . . . . 9 . . 1 Projectile 345 | 1 57 43 30 29 . 151 28 . 6 Critical Strikes 9 | . 2 . 3 . . 4 . . . Damage Taken 4587 | 8 517 448 358 220 . 2528 387 . 121 Core 1108 | . 114 64 41 28 . 580 198 . 83 Absorbed by Shields . | . . . . . . . . . . Redirected to Shielding 44 | . . 8 8 4 . 24 . . . Ignored by Resistances 1206 | 2 158 132 102 69 . 603 107 . 33 Core Remaining (%) 85 | 100 54 84 92 96 . . . . . Volleys Fired 152 | 2 47 29 29 16 1 26 2 . . Largest 3 | 1 2 2 2 2 3 3 1 . . Hottest 250 | 20 70 70 110 112 168 250 85 . . Shots Fired 309 | 2 94 57 57 32 3 62 2 . . Gun 205 | 2 94 56 42 4 1 6 . . . Cannon 98 | . . . 15 28 2 51 2 . . Launcher 6 | . . 1 . . . 5 . . . Special . | . . . . . . . . . . Kinetic 160 | 2 62 46 15 16 1 18 . . . Thermal 130 | . 32 10 29 16 2 39 2 . . Explosive 6 | . . 1 . . . 5 . . . Electromagnetic 13 | . . . 13 . . . . . . Robot Hit Streak 41 | 2 19 35 41 17 1 17 1 . . Robot Miss Streak 3 | . 1 2 1 3 3 3 1 . . Penetration Max . | . . . . . . . . . . Secondary Targets 3 | . 1 2 . . . . . . . Max Gunslinging Chain 1 | . 1 1 . . . . . . . Shots Hit Robots 256 | 2 81 51 49 24 1 47 1 . . Core Hits 136 | 1 30 17 26 21 1 39 1 . . Critical Kills 1 | . . . . . . 1 . . . Critical Parts Destroyed . | . . . . . . . . . . Critical Strikes 6 | . 3 1 . . . 2 . . . Burn 5 | . 3 1 . . . 1 . . . Meltdown 1 | . . . . . . 1 . . . Melee Attacks . | . . . . . . . . . . Impact . | . . . . . . . . . . Slashing . | . . . . . . . . . . Piercing . | . . . . . . . . . . Sneak Attacks . | . . . . . . . . . . Combat Hostiles . | . . . . . . . . . . Follow-up Attacks . | . . . . . . . . . . Damage Inflicted 4907 | 30 975 534 868 576 13 1882 29 . . Guns 2261 | 30 975 534 572 63 . 87 . . . Cannons 1933 | . . . 293 513 13 1085 29 . . Explosions 710 | . . . . . . 710 . . . Melee . | . . . . . . . . . . Ramming 3 | . . . 3 . . . . . . Kinetic 2098 | 30 597 410 293 301 13 454 . . . Thermal 1875 | . 378 124 351 275 . 718 29 . . Explosive 710 | . . . . . . 710 . . . Electromagnetic 221 | . . . 221 . . . . . . Impact . | . . . . . . . . . . Slashing . | . . . . . . . . . . Piercing . | . . . . . . . . . . Highest Corruption 2 | . . . . 2 . . . . . Average Corruption 1 | . . . . 1 . . . . . Corruption Purged . | . . . . . . . . . . Corruption Blocked . | . . . . . . . . . . Effects 3 | . . . . 3 . . . . . Message Errors 2 | . . . . 2 . . . . . Energy Discharges 1 | . . . . 1 . . . . . Overload Shots . | . . . . . . . . . . Overflow Damage 42 | . . . . 2 . 40 . . . Projectiles 38 | . . . . 2 . 36 . . . Explosions 4 | . . . . . . 4 . . . Melee . | . . . . . . . . . . Knockbacks 27 | . . . 1 13 . 13 . . . Impact . | . . . . . . . . . . Kinetic 25 | . . . 1 13 . 11 . . . Secondary 2 | . . . . . . 2 . . . Self-Inflicted Damage 125 | . . . . . . 125 . . . Shots 4 | . . . . . . 4 . . . Rammed 1 | . . . 1 . . . . . . Targets Rammed 2 | . . . 2 . . . . . . Kicked 1 | . . . 1 . . . . . . Crushed . | . . . . . . . . . . Highest Temperature 718 | . 133 81 388 186 93 718 56 . . Average Temperature 134 | . 52 28 138 81 47 253 29 . . Received Heat Transfer 1887 | 6 393 261 234 42 . 834 60 . 57 Effects 29 | . . . 3 . . 26 . . . Shutdowns 4 | . . . 1 . . 3 . . . Energy Bleed 5 | . . . 1 . . 4 . . . Interference 4 | . . . . . . 4 . . . Matter Decay 3 | . . . . . . 3 . . . Short Circuit 2 | . . . . . . 2 . . . Damage (minor) 5 | . . . 1 . . 4 . . . Damage (major) 3 | . . . . . . 3 . . . Damage (core) 3 | . . . . . . 3 . . . Siege Activations . | . . . . . . . . . . Martial Activations . | . . . . . . . . . . Shielding Activations . | . . . . . . . . . . Robots Disrupted . | . . . . . . . . . . Combat Hostiles . | . . . . . . . . . . Robots Corrupted . | . . . . . . . . . . Combat Hostiles . | . . . . . . . . . . Parts Fried 2 | . . . 2 . . . . . . Impact Corruptions . | . . . . . . . . . . Robots Melted 1 | . . . . . . 1 . . . Combat Hostiles 1 | . . . . . . 1 . . . Parts Melted 4 | . 2 . 1 . . 1 . . . Heat Transferred 4381 | . 1332 444 925 444 . 1199 37 . . Parts Sabotaged . | . . . . . . . . . . Parts Stolen . | . . . . . . . . . . Parts Stripped . | . . . . . . . . . . Power Chain Reactions . | . . . . . . . . . . Alert | -11 -10 -9 -8 -7 -6 -6 -6 -6 -5 ------- Run | Yrd Mat Mat Mat Fac Fac Low Low Dat Pro Maximum Alert Level . | . . . . . . . . . . Low Security (%) 100 | 100 100 100 100 100 100 . . . . Level 1 . | . . . . . . . . . . Level 2 . | . . . . . . . . . . Level 3 . | . . . . . . . . . . Level 4 . | . . . . . . . . . . Level 5 . | . . . . . . . . . . High Security . | . . . . . . . . . . Max Security . | . . . . . . . . . . Peak Influence 146 | 20 146 70 65 46 . . . . . Initial 5 | . 5 5 . . . . . . . Average 18 | 1 53 10 19 5 . . . . . Influence Increases 1340 | 20 390 201 234 145 . 330 . . 20 Destroy 0b10 Robot/C 1020 | 20 260 160 160 80 . 320 . . 20 Destroy 0b10 Robot/NC 40 | . 15 . 15 10 . . . . . Destroy Leader 190 | . 54 30 54 42 . 10 . . . Successful Hack 11 | . . 4 4 3 . . . . . Disable Machine 9 | . . . . 9 . . . . . Destroy Structure 10 | . 1 7 1 1 . . . . . Lose Combat Pursuer 60 | . 60 . . . . . . . . Influence Decreases 1340 | 10 385 216 232 147 . 330 . . 20 Entered New Map 17 | . 5 10 . 2 . . . . . Time Decay 1206 | 10 373 176 232 145 . 260 . . 10 Lost Part 117 | . 7 30 . . . 70 . . 10 Squads Dispatched 4 | . 2 . 1 1 . . . . . Investigation 2 | . 2 . . . . . . . . Extermination 1 | . . . . 1 . . . . . Reinforcement 1 | . . . 1 . . . . . . Assault . | . . . . . . . . . . Garrison . | . . . . . . . . . . Intercept . | . . . . . . . . . . Searches Triggered . | . . . . . . . . . . Construction Impeded . | . . . . . . . . . . Haulers Reinforced . | . . . . . . . . . . Active Scanning Responses . | . . . . . . . . . . Cargo Convoy Interrupts . | . . . . . . . . . . Stealth | -11 -10 -9 -8 -7 -6 -6 -6 -6 -5 --------- Run | Yrd Mat Mat Mat Fac Fac Low Low Dat Pro Distress Signals 1 | . . . . 1 . . . . . Communications Jammed . | . . . . . . . . . . Distress Signals . | . . . . . . . . . . Times Spotted 94 | 1 17 11 17 8 1 30 2 . 7 Peak Tracking Total 9 | 1 3 3 4 3 1 9 1 . 3 Tactical Retreats 13 | . 2 2 2 . . 4 2 . 1 Traps | -11 -10 -9 -8 -7 -6 -6 -6 -6 -5 ------- Run | Yrd Mat Mat Mat Fac Fac Low Low Dat Pro Traps Triggered 3 | . 1 . . 2 . . . . . Indirectly . | . . . . . . . . . . Trap Hack Attempts . | . . . . . . . . . . Triggered . | . . . . . . . . . . Disarmed . | . . . . . . . . . . Reprogrammed . | . . . . . . . . . . Reused . | . . . . . . . . . . Traps Extracted . | . . . . . . . . . . Installed . | . . . . . . . . . . Triggered . | . . . . . . . . . . Machines | -11 -10 -9 -8 -7 -6 -6 -6 -6 -5 ---------- Run | Yrd Mat Mat Mat Fac Fac Low Low Dat Pro Machines Disabled 1 | . . . . 1 . . . . . Max in Single Turn 1 | . . . . 1 . . . . . Machines Repaired . | . . . . . . . . . . Machines Dismantled . | . . . . . . . . . . Machines Sabotaged . | . . . . . . . . . . Overloaded Fab Kills . | . . . . . . . . . . Hacking | -11 -10 -9 -8 -7 -6 -6 -6 -6 -5 --------- Run | Yrd Mat Mat Mat Fac Fac Low Low Dat Pro Machines Accessed 15 | . 3 2 3 2 1 . . 4 . Terminals 9 | . 2 2 2 2 1 . . . . Fabricators . | . . . . . . . . . . Repair Stations . | . . . . . . . . . . Recycling Units 1 | . 1 . . . . . . . . Scanalyzers 1 | . . . 1 . . . . . . Garrison Access . | . . . . . . . . . . Total Hacks 68 | . 8 7 14 4 2 . . 33 . Successful 66 | . 8 6 14 3 2 . . 33 . Failed 2 | . . 1 . 1 . . . . . Catastrophic . | . . . . . . . . . . Database Lockouts . | . . . . . . . . . . Manual . | . . . . . . . . . . Terminals 25 | . 7 7 5 4 2 . . . . Fabricators . | . . . . . . . . . . Repair Stations . | . . . . . . . . . . Recycling Units 1 | . 1 . . . . . . . . Scanalyzers 9 | . . . 9 . . . . . . Garrison Access . | . . . . . . . . . . Terminal Hacks 56 | . 7 6 5 3 2 . . 33 . Record 24 | . 2 4 4 1 2 . . 11 . Part Schematic 13 | . . . . . . . . 13 . Robot Schematic 6 | . . . . . . . . 6 . Prototype ID Bank 4 | . 1 . . . . . . 3 . Emergency Access Points 1 | . . . . 1 . . . . . Alert Level 1 | . 1 . . . . . . . . Locate Traps 2 | . 1 . 1 . . . . . . Dispatch Records 1 | . 1 . . . . . . . . Maintenance Status 2 | . 1 1 . . . . . . . Zone Layout 2 | . . 1 . 1 . . . . . Fabricator Hacks . | . . . . . . . . . . Repair Station Hacks . | . . . . . . . . . . Recycling Unit Hacks 1 | . 1 . . . . . . . . Retrieve Components 1 | . 1 . . . . . . . . Scanalyzer 9 | . . . 9 . . . . . . Insert Component 4 | . . . 4 . . . . . . Analyze 5 | . . . 5 . . . . . . Garrison Access Hacks . | . . . . . . . . . . Unauthorized Hacks . | . . . . . . . . . . Terminals . | . . . . . . . . . . Fabricators . | . . . . . . . . . . Repair Stations . | . . . . . . . . . . Recycling Units . | . . . . . . . . . . Scanalyzers . | . . . . . . . . . . Garrison Access . | . . . . . . . . . . Data Cores Recovered . | . . . . . . . . . . Used . | . . . . . . . . . . Hacking Detections 9 | . 3 2 1 2 1 . . . . Full Trace Events 2 | . 1 1 . . . . . . . Feedback Events . | . . . . . . . . . . Feedback Blocked . | . . . . . . . . . . Robot Schematics Acquired 6 | . . . . . . . . 6 . Robots Built . | . . . . . . . . . . Authchips . | . . . . . . . . . . Time . | . . . . . . . . . . Total Robot Build Rating . | . . . . . . . . . . Part Schematics Acquired 16 | . . . 3 . . . . 13 . Parts Built . | . . . . . . . . . . Authchips . | . . . . . . . . . . Time . | . . . . . . . . . . Total Part Build Rating . | . . . . . . . . . . Parts Repaired . | . . . . . . . . . . Time . | . . . . . . . . . . Parts Recycled . | . . . . . . . . . . Recycled Matter . | . . . . . . . . . . Retrieved Matter . | . . . . . . . . . . Retrieved Components 4 | . 4 . . . . . . . . Parts Scanalyzed 4 | . . . 4 . . . . . . Part Schematics Acquired 3 | . . . 3 . . . . . . Parts Damaged . | . . . . . . . . . . Bothacking | -11 -10 -9 -8 -7 -6 -6 -6 -6 -5 ------------ Run | Yrd Mat Mat Mat Fac Fac Low Low Dat Pro Used RIF Installer . | . . . . . . . . . . Robots Hacked . | . . . . . . . . . . Non-combat . | . . . . . . . . . . Combat . | . . . . . . . . . . Robot Hacks Applied . | . . . . . . . . . . Relay Couplers Released . | . . . . . . . . . . Fabnet Peak Effective % . | . . . . . . . . . . Robots Rewired . | . . . . . . . . . . Allies Hacked . | . . . . . . . . . . Hacks Repelled . | . . . . . . . . . . Allies | -11 -10 -9 -8 -7 -6 -6 -6 -6 -5 -------- Run | Yrd Mat Mat Mat Fac Fac Low Low Dat Pro Total Allies 1 | . . . . . . . . . 1 Largest Group 1 | . . . . . . . . . 1 Highest-Rated Group 96 | . . . . . . . . . 96 Highest-Rated Ally 96 | . . . . . . . . . 96 Total Orders . | . . . . . . . . . . Ally Attacks 6 | . . . . . . . . . 6 Total Damage 192 | . . . . . . . . . 192 Kills 1 | . . . . . . . . . 1 Allies Corrupted . | . . . . . . . . . . Allies Melted . | . . . . . . . . . . Intel | -11 -10 -9 -8 -7 -6 -6 -6 -6 -5 ------- Run | Yrd Mat Mat Mat Fac Fac Low Low Dat Pro Active Infowar (turns) 4675 | . . 747 617 1101 543 1185 373 31 78 Decoding 479 | . . . . . . . 370 31 78 ECM 4635 | . . 747 617 1101 543 1185 373 31 38 Robot Analysis Total . | . . . . . . . . . . Derelict Logs Recovered 5 | . . . . . . 2 1 . 2 Drone Launches . | . . . . . . . . . . Drone Recoveries . | . . . . . . . . . . Exploration | -11 -10 -9 -8 -7 -6 -6 -6 -6 -5 ------------- Run | Yrd Mat Mat Mat Fac Fac Low Low Dat Pro Turns Passed 9014 | 66 897 811 693 1101 543 4421 373 31 78 Spaces Moved 3501 | 74 427 325 319 477 232 917 434 87 209 Core 45 | 44 . 1 . . . . . . . Treads 1618 | . . . 189 477 232 720 . . . Legs 825 | . 371 324 130 . . . . . . Wheels 86 | 30 56 . . . . . . . . Hover . | . . . . . . . . . . Flight 927 | . . . . . . 197 434 87 209 Fastest Speed 35 | 50 80 190 145 145 228 99 35 35 35 Average Speed 235 | 62 165 206 163 210 228 469 83 35 36 Slowest Speed 769 | 80 190 450 225 225 228 769 245 35 37 Overloaded Moves . | . . . . . . . . . . Propulsion Burnouts . | . . . . . . . . . . Robots Hopped 1 | . . . . . . . . . 1 Potential Cave-ins . | . . . . . . . . . . Cave-ins Triggered . | . . . . . . . . . . Exploration Rate (%) 41 | 6 71 28 30 12 6 82 67 70 45 Regions Visited 9 Branch Regions 4 Pre-discovered Areas 1 | . . . . . . . . 1 . Known Exits Taken 1 | . . . . . . 1 . . . Unknown Exits Taken 8 | 1 1 1 1 1 1 . 1 1 . Scrap Searched 6 | . . . . . . 3 1 . 2 Spaces Dug 10 | . . . . . . 10 . . . Terrain Destroyed 70 | . . 7 . . . 63 . . . Melee . | . . . . . . . . . . Projectile 3 | . . . . . . 3 . . . AOE 67 | . . 7 . . . 60 . . . Terrain Rammed . | . . . . . . . . . . Walls Destroyed . | . . . . . . . . . . Machines Disabled . | . . . . . . . . . . Actions | -11 -10 -9 -8 -7 -6 -6 -6 -6 -5 --------- Run | Yrd Mat Mat Mat Fac Fac Low Low Dat Pro Total 3981 | 91 531 416 439 543 245 977 443 86 210 Wait 147 | 1 28 39 45 25 6 3 . . . Move 3490 | 73 426 324 318 476 231 916 433 86 207 Hop 1 | . . . . . . . . . 1 Pick Up 76 | 10 17 7 18 15 4 4 . . 1 Fast Attach 1 | . 1 . . . . . . . . Attach 39 | 5 4 8 4 2 2 9 4 . 1 Detach 3 | . . . . . . 1 2 . . Swap 30 | . 4 4 8 4 . 9 1 . . Drop 38 | . 4 5 15 5 1 7 1 . . Fire 152 | 2 47 29 29 16 1 26 2 . . Melee . | . . . . . . . . . . Ram . | . . . . . . . . . . Kick 1 | . . . 1 . . . . . . Crush 1 | . . . 1 . . . . . . Escape Stasis . | . . . . . . . . . . Rewire 2 | . . . . . . 2 . . . Trap . | . . . . . . . . . . Miscellaneous . | . . . . . . . . . . Route ------- -11/Scrapyard -10/Materials (discovered 3 exits: *Mat x2 / [*Min]) -9/Materials -8/Materials -7/Factory -6/Factory -6/Lower Caves -6/Lower Caves -6/Data Miner -5/Proximity Caves (discovered 1 exit: [*Fac]) History --------- Turn | Location | Event 2 | -11/Scrapyard | Met Revision 17 50 | -11/Scrapyard | Discovered new exit (range 8) 67 | -11/Scrapyard | Entered Materials 72 | -10/Materials | Discovered new exit (range 16) 305 | -10/Materials | Build established: Mutant 811 | -10/Materials | Discovered new exit (range 16) 910 | -10/Materials | Discovered new exit (range 15) 964 | -10/Materials | Entered another Materials area 964 | -9/Materials | Evolved 2 slots: Utility x2 1400 | -9/Materials | Discovered new exit (range 14) 1652 | -9/Materials | Lost 3 parts (1p2n) 1775 | -9/Materials | Entered another Materials area 1775 | -8/Materials | Evolved 2 slots: Propulsion x1, Utility x1 2043 | -8/Materials | Build established: Scavenger-Mutant 2414 | -8/Materials | Discovered new exit (range 13) 2421 | -8/Materials | Build established: Mutant 2468 | -8/Materials | Entered Factory 2468 | -7/Factory | Evolved 2 slots: Utility x2 2639 | -7/Factory | Discovered new exit (range 11) 2721 | -7/Factory | Build established: Hacker-Mutant 3569 | -7/Factory | Entered another Factory area 3569 | -6/Factory | Evolved 2 slots: Propulsion x1, Weapon x1 3865 | -6/Factory | Build established: Hacker-Tank 4101 | -6/Factory | Discovered new exit (range 6) 4112 | -6/Factory | Entered Lower Caves 4156 | -6/Lower Caves | Attracted the attention of an 0b10 outpost 4249 | -6/Lower Caves | Destroyed 9 combat bots 4379 | -6/Lower Caves | Identified exit to Lower Caves 4861 | -6/Lower Caves | Core integrity fell below 50% 4903 | -6/Lower Caves | Lost 5 parts (2n1u2w) 5150 | -6/Lower Caves | Build established: Hacker-Mutant 7163 | -6/Lower Caves | Attracted the attention of an 0b10 checkpoint 7221 | -6/Lower Caves | Learned 8 Factory zone layouts 8222 | -6/Lower Caves | Build established: Hacker-Tank 8533 | -6/Lower Caves | Entered another Lower Caves area 8548 | -6/Lower Caves | Learned Factory terminal intel 8685 | -6/Lower Caves | Spotted B-75 Beast 8790 | -6/Lower Caves | Core integrity fell below 20% 8806 | -6/Lower Caves | Build established: Hacker-Mutant 8901 | -6/Lower Caves | Discovered new exit (range 15) 8906 | -6/Lower Caves | Entered Data Miner 8906 | -6/Data Miner | Discovered new exit (range 6) 8915 | -6/Data Miner | Met Data Miner 8922 | -6/Data Miner | Learned location of Section 7 (-2) 8922 | -6/Data Miner | Acquired the access code to Warlord's prototype stash 8929 | -6/Data Miner | Received God Mode back door access code from Data Miner 8937 | -6/Data Miner | Entered Proximity Caves 8947 | -5/Proximity Caves | Learned Factory terminal intel 8966 | -5/Proximity Caves | Attracted the attention of an 0b10 checkpoint 8967 | -5/Proximity Caves | Learned location of 1 exit from Factory 9010 | -5/Proximity Caves | Discovered new exit (range 4) 9015 | -5/Proximity Caves | Destroyed by G-50 Soldier with Heavy Laser Last Messages --------------- 08962_ Searching scrap... 08962_ Found Mak. Sword. 08962_ Found Imp. Corruption Screen. 08962_ Found 45 Matter. 08963_ Acquired 10 matter. 08963_ Searching scrap... 08963_ Found Datajack. 08963_ Found Field Propulsion Drive. 08963_ Found Datajack. 08963_ Found 37 Matter. 08963_ Acquired Field Propulsion Drive. Move into an ally to swap places with them. 08966_ Y-64 Sentinel: "INTERCEPTING UNREGISTERED DERELICT." 08967_ Acquired derelict log, extracted data. Data stored: Factory exits (x1). 08969_ Slug penetrates Wall. 09010_ EXIT=FOUND 09012_ ECM Suite destroyed. [Achievement: First Step to Greatness] [Achievement: 5k Club] Map ----- +----------------------------------------------------+ | ?????????????????????????????????????????????????? | | ?????????????????????????????????????????????????? | | ?????????????????????????????????????????????????? | | ?????????????????????????????????????????????????? | | ?????????????????????????????????????????????????? | | ?????????????????????????????????????????????????? | | ?????????????????????????????????????????????????? | | ?????????????????????????????????????????????????? | | ?????????????????????????????????????????????????? | | ?????????????????????????????????????????????????? | | ?????????????????????????????????????????????????? | | ?????????????????????????????????????????????????? | | ?????????????????????????????????????????????????? | | ??????????######?????????????????????????????????? | | ??????????# #?####?#####??????????????????????? | | ??????????# #?# ### ###????????????????????? | | ????????# ### #######??????????????? | | ######## ??????????????? | | # ??????????????? | | ### #??????????????????? | | ?""" " ### ##??????????????????? | | """"""" ### < ##??????????????????? | | """"""" ##?# l #??????????????????? | | """ " ##??# gg #??????????????????? | | #???# #??????????????????? | | #???# @ ##??????????????????? | | ##### ##??# ##???????????????????? | | #??## #????????????????????? | | ### #???# #????????????????????? | | #### ##????????????????????? | | #?## ####?????????????????????? | | ###??###### #????????????????????????? | | ##?????????# ##????????????????????????? | | ##?????????# #?????????????????????????? | | ##???###??# ?????????????????????????? | | #### #??# ?????????????????????????? | | #??## ????????????????????????? | | #???### ????????????????????????? | | ## ####?????# ????????????????????????? | | ### ##???????? ????????????????????????? | | #?# ##????????? ????????????????????????? | | # #?# ##??????????## ?????????????????????????? | | # ##?????????????##?????????????????????????? | | # ##?????????????????????????????????????????? | | ##??????????????????????????????????????????? | | # ###????????????????????????????????????????????? | | ##???????????????????????????????????????????????? | | ?????????????????????????????????????????????????? | | ?????????????????????????????????????????????????? | | ?????????????????????????????????????????????????? | +----------------------------------------------------+ Best States ------------- Heat Dissipation 56 Energy Generation 18 Energy Capacity 310 Matter Stores 300 Matter Capacity 300 Sight Range 16 Terrain Scan Density 10 ECM Strength 1 Armor Coverage 450 Resistance: KI 20 Resistance: TH 20 Resistance: EX 20 Resistance: EM 20 Resistance: I 20 Resistance: S 20 Resistance: P 20 Core Shielding 20 Evasion (%) 63 Targeting Accuracy 5 Recoil Reduction 4 Offensive Hacking 30 Item Schematics ----------------- Assault Cannon | -8/Materials | Scanalyzed Hacking Suite | -8/Materials | Scanalyzed Imp. Heat Sink | -8/Materials | Scanalyzed Combat Drone Bay | -6/Data Miner | Free Lgt. Regenerative Plating | -6/Data Miner | Free Enh. Flexi-carbon Leg | -6/Data Miner | Free Imp. Energy Well | -6/Data Miner | Free Plasma Sword | -6/Data Miner | Free Imp. Heavy Treads | -6/Data Miner | Free Adv. Particle Charger | -6/Data Miner | Free Dispersion Rifle | -6/Data Miner | Free KE Penetrator | -6/Data Miner | Free Adv. Transmission Jammer | -6/Data Miner | Free Railgun | -6/Data Miner | Free Adv. Launcher Guidance Computer | -6/Data Miner | Free Adv. Heavy Treads | -6/Data Miner | Free Robot Schematics ------------------ A-15 Conveyor | -6/Data Miner | Free G-50 Soldier | -6/Data Miner | Free R-10 Processor | -6/Data Miner | Free B-48 Gladiator | -6/Data Miner | Free O-32 Director | -6/Data Miner | Free H-77 Assassin | -6/Data Miner | Free Fabricated ------------ Nothing Repaired ---------- Nothing Alien Tech Used ----------------- None Achievements -------------- 5k Club Crack Shot First Step to Greatness It's Just You Librarian Made in Tau Ceti IV Novice Programmer One Hack Too Far Risk Taker The Oracle Tourist Uninvited Guest Challenges ------------ None Game ------ Seed SwordFieldManipulator Manual? 0 Play Time 00:58:06 Cumulative 0.9 hours Start 2025.08.05 @ 21:33:29 End 2025.08.05 @ 22:36:51 Sessions 4 Manual Loads 0 Difficulty Adventurer Special Mode None Game No. 1 Rogue 0 Adventurer 1 Explorer 0 Win Type - Total 0 Types 0/0/0/0/0/0/0/0/0/0 Lore% 2 Gallery% 3 Achievement% 4 Wizard Run 0 Options --------- Layout 0 ASCII 0 Keyboard 0 Movement Numpad Keybinds 0 Fullscreen 1 Font 24/Smallcaps Map View 76x50 Zoom Use 0% Tactical HUD 1 Map Filters NONE Filters NONE Steam 1 RUN: 4dc5906f-85e6-444e-8fdb-0fd9c1f6daf0